[Event "Titled Tuesday Blitz February 28 Late 2023"]
[White "Madaminov, Mukhiddin"]
[Black "Riff, Vincent"]
[WhiteFideId "14210703"]
[BlackFideId "617776"]
[WhiteElo "2511"]
[BlackElo "2369"]
[Result "1-0"]
[Round "02"]
[TimeControl "180+2"]
[Date "2023.02.28"]
[WhiteClock "0:00:40"]
[BlackClock "0:00:35"]

1. d4 d5 2. Nc3 c6 3. Bf4 Bf5 4. f3 e6 5. e4 Bg6 6. h4 h6 7. h5 Bh7 8. a3 Nf6 9. e5 Nfd7 10. Be3 c5 11. f4 Nc6 12. Nf3 cxd4 13. Nxd4 Bc5 14. Qd2 Bxd4 15. Bxd4 Bxc2 16. Nb5 Nxd4 17. Nd6+ Ke7 18. Qb4 Qc7 19. Nf5+ Kd8 20. Qe7+ Kc8 21. Nxd4 Ba4 22. Qxf7 Qa5+ 23. b4 Qc7 24. Kd2 Rf8 25. Qxe6 Rxf4 26. Qe8+ Qd8 27. Rc1+ Bc6 28. Rxc6+ bxc6 29. Ba6+ Kc7 30. Ne6+ Kb6 31. Nxd8 Kxa6 32. Qxd7 1-0


[Site "https://www.chess.com"]

[Event "Titled Tuesday Blitz February 28 Late 2023"]
[White "Perez Ponsa, Federico"]
[Black "Klenburg, Michael"]
[WhiteFideId "117927"]
[BlackFideId "14102072"]
[WhiteElo "2592"]
[BlackElo "2396"]
[Result "1-0"]
[Round "02"]
[TimeControl "180+2"]
[Date "2023.02.28"]
[WhiteClock "0:01:02"]
[BlackClock "0:00:28"]

1. e4 d6 2. d4 Nf6 3. Nc3 e5 4. Nf3 Nbd7 5. Rg1 Be7 6. g4 g6 7. Be3 c6 8. a4 Qc7 9. g5 Nh5 10. Qd2 b6 11. d5 c5 12. Nb5 Qd8 13. Bh3 a6 14. Na3 b5 15. Bg4 Ng7 16. h4 Qc7 17. Rd1 Rb8 18. axb5 axb5 19. c3 Ba6 20. b4 c4 21. Ra1 Bc8 22. Nc2 Nb6 23. Bxc8 Nxc8 24. Ra5 O-O 25. Nh2 Nh5 26. Ng4 Kg7 27. f4 exf4 28. Bd4+ f6 29. gxf6+ Nxf6 30. Qxf4 Qd8 31. h5 Kg8 32. hxg6 Nxg4 33. gxh7+ Kxh7 34. Qxg4 1-0


[Site "https://www.chess.com"]

[Event "Titled Tuesday Blitz February 28 Late 2023"]
[White "Prem, Pranav"]
[Black "Kravtsiv, Martyn"]
[WhiteFideId "30901057"]
[BlackFideId "14113147"]
[WhiteElo "1970"]
[BlackElo "2695"]
[Result "0-1"]
[Round "02"]
[TimeControl "180+2"]
[Date "2023.02.28"]
[WhiteClock "0:00:15"]
[BlackClock "0:00:04"]

1. d4 d5 2. c4 e6 3. Nc3 Nf6 4. cxd5 exd5 5. Bg5 c6 6. e3 Be7 7. Bd3 Nbd7 8. Qc2 Nh5 9. Bxe7 Qxe7 10. Nge2 g6 11. O-O O-O 12. Rab1 a5 13. a3 Nb6 14. b4 Nc4 15. Bxc4 dxc4 16. b5 cxb5 17. Rxb5 Qxa3 18. Nd5 Ra6 19. Qxc4 Qd6 20. Ndc3 Ng7 21. Ra1 Rc6 22. Qd3 b6 23. Rb2 Bd7 24. h3 Rb8 25. Nb5 Qe7 26. e4 Ne6 27. Qg3 Rcc8 28. d5 Nc5 29. f3 a4 30. Ned4 Ra8 31. Rba2 Ra5 32. Nd6 Rca8 33. N6f5 Qf6 34. Qf2 Kh8 35. Ng3 Nd3 36. Qe3 Ne5 37. Nge2 b5 38. Nc2 Nc4 39. Qd3 Qb6+ 40. Ned4 Rc8 41. Nb4 Qc5 42. Rb1 Kg8 43. Kh1 Ne5 44. Qe3 Raa8 45. Qg1 Nc4 46. Ndc6 Qxg1+ 47. Kxg1 Rc7 48. Ne7+ Kf8 49. Nec6 Rb7 50. Kf2 Rc8 51. Ke2 Nd6 52. Rc1 Rbc7 53. Rac2 Nc4 54. Kd3 Bxc6 55. Nxc6 Rxc6 56. dxc6 Rxc6 57. Kc3 Ne3+ 58. Kd2 Nxc2 59. Rxc2 Rxc2+ 60. Kxc2 a3 61. Kc3 b4+ 62. Kb3 Ke7 63. f4 Ke6 64. g4 f6 65. h4 h6 66. Ka2 g5 67. fxg5 fxg5 0-1


[Site "https://www.chess.com"]

[Event "Titled Tuesday Blitz February 28 Late 2023"]
[White "Di Nicolantonio, Lucas"]
[Black "Rostovtsev, Dmitry"]
[WhiteFideId "680460"]
[BlackFideId "34278320"]
[WhiteElo "2358"]
[BlackElo "2330"]
[Result "1-0"]
[Round "02"]
[TimeControl "180+2"]
[Date "2023.02.28"]
[WhiteClock "0:00:13"]
[BlackClock "0:00:01"]

1. Nf3 Nf6 2. c4 e6 3. Nc3 d5 4. e3 Be7 5. b3 O-O 6. Bb2 c5 7. cxd5 Nxd5 8. Qc2 Nc6 9. h4 f5 10. a3 Bf6 11. Bb5 Bd7 12. Nxd5 exd5 13. Bxf6 Qxf6 14. Rc1 b6 15. d4 Rac8 16. dxc5 bxc5 17. O-O Nb4 18. Qe2 Bxb5 19. Qxb5 Qc6 20. Qxc6 Nxc6 21. Rxc5 Ne5 22. Rxd5 Nxf3+ 23. gxf3 Rc3 24. Rd7 Rf7 25. Rfd1 Rxd7 26. Rxd7 Rxb3 27. Rxa7 f4 28. e4 Rxf3 29. a4 Ra3 30. a5 h6 31. h5 Kh7 32. e5 Kg8 33. a6 Kf8 34. Kg2 Ra5 35. e6 Ra3 36. f3 Ra5 37. Kh3 1-0


[Site "https://www.chess.com"]

[Event "Titled Tuesday Blitz February 28 Late 2023"]
[White "Vasquez Schroeder, Rodrigo"]
[Black "Jimenez Almeida, Luis David"]
[WhiteFideId "3400042"]
[BlackFideId "22242244"]
[WhiteElo "2600"]
[BlackElo "2245"]
[Result "1-0"]
[Round "02"]
[TimeControl "180+2"]
[Date "2023.02.28"]
[WhiteClock "0:00:52"]
[BlackClock "0:00:13"]

1. d4 g6 2. Nf3 Bg7 3. e4 c6 4. Nc3 d6 5. h3 Nf6 6. a4 O-O 7. a5 Na6 8. Bxa6 bxa6 9. O-O Rb8 10. Re1 Nd7 11. b3 c5 12. Be3 Bb7 13. Qd2 Re8 14. Bh6 Bh8 15. Be3 Qc7 16. Ra2 Rec8 17. d5 Ba8 18. Bg5 Re8 19. Ra4 Rb4 20. Bf4 Rxa4 21. Nxa4 Rb8 22. Bg5 Ne5 23. Nxe5 Bxe5 24. Bf4 Bd4 25. c3 Bg7 26. b4 Qd7 27. Nxc5 Qc8 28. Na4 Qc4 29. Be3 Rc8 30. Bxa7 Qb3 31. Qd1 Qxd1 32. Rxd1 Bb7 33. Bd4 Rc4 34. Nb6 Rc7 35. Bxg7 Kxg7 36. c4 Kf6 37. f4 g5 38. g3 gxf4 39. gxf4 e6 40. Kf2 exd5 41. exd5 Kf5 42. Kf3 Re7 43. c5 Re4 44. c6 Rxf4+ 45. Kg3 1-0


[Site "https://www.chess.com"]

[Event "Titled Tuesday Blitz February 28 Late 2023"]
[White "Tologon tegin, Semetei"]
[Black "Baskakov, Egor"]
[WhiteFideId "13800574"]
[BlackFideId "24197866"]
[WhiteElo "2247"]
[BlackElo "2212"]
[Result "0-1"]
[Round "02"]
[TimeControl "180+2"]
[Date "2023.02.28"]
[WhiteClock "0:00:11"]
[BlackClock "0:00:43"]

1. d4 Nf6 2. c4 e6 3. Nc3 d5 4. cxd5 Nxd5 5. e4 Nxc3 6. bxc3 b6 7. Nf3 Bb7 8. Bd3 Nd7 9. O-O Be7 10. Qe2 O-O 11. e5 Re8 12. Nd2 c5 13. Ne4 cxd4 14. cxd4 Nf8 15. Be3 Qd5 16. Rfd1 Rac8 17. Qg4 Kh8 18. h4 Nd7 19. Qh5 f5 20. f3 g6 21. Qh6 Bf8 22. Qg5 Qa5 23. Ng3 Be7 24. Qh6 Rg8 25. h5 Bd5 26. hxg6 Rxg6 27. Qh3 Rcg8 28. Nxf5 Rxg2+ 29. Qxg2 Rxg2+ 30. Kxg2 exf5 31. Bxf5 Nf8 32. Rd2 Qc3 33. Re1 Qc6 34. Rf1 Ng6 35. Bxg6 Qxg6+ 36. Kf2 Bh4+ 37. Ke2 Bc4+ 38. Kd1 Qb1# 0-1


[Site "https://www.chess.com"]

[Event "Titled Tuesday Blitz February 28 Late 2023"]
[White "Krishnan, Varun"]
[Black "Pichot, Alan"]
[WhiteFideId "5054508"]
[BlackFideId "110973"]
[WhiteElo "2551"]
[BlackElo "2573"]
[Result "0-1"]
[Round "02"]
[TimeControl "180+2"]
[Date "2023.02.28"]
[WhiteClock "0:00:01"]
[BlackClock "0:00:01"]

1. e4 c5 2. Nf3 e6 3. d4 cxd4 4. Nxd4 Nc6 5. Nc3 Qc7 6. Be3 a6 7. Qd2 Nf6 8. f3 h5 9. O-O-O Be7 10. h3 b5 11. Kb1 Bb7 12. Be2 Ne5 13. g4 b4 14. Na4 d5 15. g5 Nfd7 16. Bf4 dxe4 17. fxe4 Qa5 18. b3 Bxe4 19. Rhe1 Rc8 20. Bxa6 Qxa6 21. Rxe4 f6 22. Nf3 Qc6 23. Nxe5 Nxe5 24. Qe2 O-O 25. Bxe5 fxe5 26. Rc4 Qb5 27. Nb2 Rxc4 28. Nxc4 Bxg5 29. Qxh5 Bf6 30. Qg4 Qc6 31. Nd6 Qd7 32. Ne4 Qe7 33. Rd6 Kf7 34. Qh5+ Kg8 35. Qg4 Kf7 36. Rc6 Rd8 37. Qh5+ Kg8 38. Qg4 Rd4 39. Nxf6+ Qxf6 40. Qxe6+ Qxe6 41. Rxe6 Re4 42. Kb2 Kf7 43. Rc6 Rh4 44. a4 bxa3+ 45. Kxa3 Rxh3 46. c3 g5 47. Rc4 Kf6 48. b4 Kf5 49. b5 g4 50. b6 Rh8 51. Rc7 Rb8 52. b7 g3 53. Rg7 Kf4 54. c4 g2 0-1


[Site "https://www.chess.com"]

[Event "Titled Tuesday Blitz February 28 Late 2023"]
[White "Moroni, Luca Jr"]
[Black "Janaszak, Dawid"]
[WhiteFideId "865834"]
[BlackFideId "1119206"]
[WhiteElo "2569"]
[BlackElo "2220"]
[Result "1-0"]
[Round "02"]
[TimeControl "180+2"]
[Date "2023.02.28"]
[WhiteClock "0:00:06"]
[BlackClock "0:00:05"]

1. e4 c5 2. Nf3 Nc6 3. c4 g6 4. d4 cxd4 5. Nxd4 e5 6. Nc2 Nf6 7. Nc3 d6 8. Be2 Bg7 9. O-O O-O 10. Be3 Be6 11. Qd2 Ne8 12. f3 f5 13. b4 f4 14. Bf2 Qg5 15. Rfd1 Rd8 16. b5 Na5 17. c5 Nc4 18. Qe1 Bf6 19. Nd5 Bxd5 20. Rxd5 Ne3 21. Nxe3 fxe3 22. Bg3 dxc5 23. Rxc5 Rd2 24. Rd1 b6 25. Rd5 Qh6 26. R1xd2 exd2 27. Qxd2 Bg5 28. Qd1 Be3+ 29. Kh1 Nf6 30. Bc4 Kh8 31. Bxe5 Bf4 32. Bxf4 Qxf4 33. Rd2 Qe5 34. a4 Kg7 35. Be2 Rc8 36. Qe1 h5 37. Rd1 h4 38. Qxh4 Rh8 39. f4 Qxe4 40. Qf2 Re8 41. Bf3 Qe3 42. Qxe3 Rxe3 43. h3 Ra3 44. Rd4 Ng8 45. Rd7+ Kf6 46. Rxa7 Ne7 47. Rb7 Ra1+ 48. Kh2 Nf5 49. Rxb6+ Kg7 50. Be4 Ne3 51. Rxg6+ Kf7 52. h4 Nf1+ 53. Kh3 Rxa4 54. Bf5 Rxf4 55. g4 Rf2 56. g5 Rh2+ 57. Kg4 Ne3+ 58. Kh5 Nxf5 59. Rf6+ Kg7 60. Rxf5 Rb2 61. Rc5 1-0


[Site "https://www.chess.com"]

[Event "Titled Tuesday Blitz February 28 Late 2023"]
[White "Florescu, Codrut-Constantin"]
[Black "Gokerkan, Cem Kaan"]
[WhiteFideId "1202200"]
[BlackFideId "6336760"]
[WhiteElo "2191"]
[BlackElo "2365"]
[Result "1/2-1/2"]
[Round "02"]
[TimeControl "180+2"]
[Date "2023.02.28"]
[WhiteClock "0:00:47"]
[BlackClock "0:00:24"]

1. e4 e5 2. Nf3 Nf6 3. Nxe5 d5 4. d4 Nxe4 5. Bd3 Nd7 6. Nxd7 Bxd7 7. O-O Bd6 8. c4 c6 9. Nc3 Nxc3 10. bxc3 Be6 11. cxd5 cxd5 12. Bb5+ Kf8 13. Qh5 Rc8 14. Bd2 Qf6 15. Bd3 Bf4 16. Bxf4 Qxf4 17. Rac1 g6 18. Qe2 Kg7 19. g3 Qf6 20. f4 Rhe8 21. Qe5 Bh3 22. Qxf6+ Kxf6 23. Rf2 Re3 24. Rd2 Bf5 25. Bxf5 Kxf5 26. Rdc2 b6 27. Kf2 Ke4 28. Re2 Rxe2+ 29. Kxe2 Rc4 30. Kd2 Ra4 31. Rc2 h5 32. Ke2 b5 33. Rb2 a6 34. Kd2 Kf3 35. Kd3 h4 36. gxh4 Kxf4 37. Rf2+ Kg4 38. Rxf7 Rxa2 39. Rd7 Kxh4 40. Rxd5 Rxh2 41. Rd6 g5 42. Rh6+ Kg3 43. Rxh2 Kxh2 44. d5 g4 45. d6 g3 46. d7 g2 47. d8=Q g1=Q 48. Qh8+ Kg2 49. Qg7+ Kf1 50. Qxg1+ Kxg1 51. c4 bxc4+ 52. Kxc4 Kf2 53. Kb4 Ke3 54. Ka5 Kd4 55. Kxa6 1/2-1/2


[Site "https://www.chess.com"]

[Event "Titled Tuesday Blitz February 28 Late 2023"]
[White "Mendonca, Leon Luke"]
[Black "Taboas Rodriguez, Daniel"]
[WhiteFideId "35028561"]
[BlackFideId "2208466"]
[WhiteElo "2464"]
[BlackElo "2365"]
[Result "1-0"]
[Round "02"]
[TimeControl "180+2"]
[Date "2023.02.28"]
[WhiteClock "0:00:58"]
[BlackClock "0:00:24"]

1. b3 d5 2. Bb2 Bg4 3. g3 Nc6 4. Bg2 e5 5. d3 Nf6 6. Nd2 Bc5 7. h3 Bh5 8. g4 Bg6 9. e3 O-O 10. Ne2 Qe7 11. Ng3 Rad8 12. g5 Ne8 13. h4 f5 14. gxf6 Qxf6 15. Qe2 Qd6 16. O-O-O Nf6 17. Kb1 a5 18. Rdg1 Ne7 19. h5 Bf7 20. Nf3 d4 21. Ng5 Bd5 22. N3e4 Nxe4 23. Bxe4 Bxe4 24. Nxe4 Qc6 25. Rh2 Nf5 26. Rhg2 dxe3 27. Bxe5 Rd7 28. fxe3 Bxe3 29. Rf1 Bd4 30. Bxd4 Nxd4 31. Rxf8+ Kxf8 32. Qf2+ Rf7 33. Qxd4 1-0


[Site "https://www.chess.com"]

[Event "Titled Tuesday Blitz February 28 Late 2023"]
[White "Manukyan, Sargis V."]
[Black "Alexakis, Dimitris"]
[WhiteFideId "13303465"]
[BlackFideId "4277023"]
[WhiteElo "2236"]
[BlackElo "2493"]
[Result "1/2-1/2"]
[Round "02"]
[TimeControl "180+2"]
[Date "2023.02.28"]
[WhiteClock "0:00:09"]
[BlackClock "0:00:12"]

1. Nf3 Nf6 2. g3 g6 3. b3 Bg7 4. Bb2 c5 5. c4 O-O 6. Bg2 d5 7. cxd5 Nxd5 8. Bxg7 Kxg7 9. O-O Nc6 10. Qc1 b6 11. Qb2+ f6 12. d4 cxd4 13. Nxd4 Nxd4 14. Qxd4 Bb7 15. Rd1 e6 16. Nc3 Nxc3 17. Qxc3 Qe7 18. Bxb7 Qxb7 19. Rd6 Qe7 20. Rad1 Rad8 21. Qc6 Rxd6 22. Rxd6 Rf7 23. Rxe6 Qa3 24. Re8 Qxa2 25. Qc8 Qb1+ 26. Kg2 Qf5 27. Rg8+ Kh6 28. Qc1+ g5 29. Qc4 Re7 30. Ra8 b5 31. Qd4 Rxe2 32. Rxa7 g4 33. Qf4+ Qxf4 34. gxf4 Rb2 35. Kg3 f5 36. Ra6+ Kh5 37. Rf6 Rxb3+ 38. Kg2 b4 39. Rxf5+ Kh4 40. Rf7 h5 41. Rb7 Rb1 42. f5 Kg5 43. Rb5 h4 44. h3 Rb3 45. f6+ Kxf6 46. hxg4 h3+ 47. Kh2 Kg6 48. f4 Kf6 49. Rb6+ Kf7 50. g5 Rf3 51. Rxb4 Kg6 52. Rb6+ Kh5 53. Rb4 Kg4 54. g6 Rf2+ 55. Kh1 Rf1+ 56. Kh2 Rf2+ 57. Kg1 Rg2+ 58. Kh1 Kf5 59. Rb5+ Kxf4 60. Rb3 Rxg6 61. Rxh3 Kg4 62. Rh2 Kf3 63. Rh5 Kf2 64. Rh2+ Kf1 65. Rh8 Rg1+ 66. Kh2 Rg2+ 67. Kh1 Rg1+ 68. Kh2 Rg7 69. Rf8+ Ke2 70. Rf4 Ke3 71. Rf6 Ke4 72. Rf8 Rg6 73. Kh3 Ke3 74. Kh2 Ke2 75. Kh3 Rg7 76. Kh4 Ke3 77. Kh3 Ke4 78. Kh2 Kd5 79. Kh3 Ke4 80. Rf1 Ke5 81. Rf8 Ke6 82. Rf1 1/2-1/2


[Site "https://www.chess.com"]

[Event "Titled Tuesday Blitz February 28 Late 2023"]
[White "Berezin, Viktor"]
[Black "Holt, Conrad"]
[WhiteFideId "14107872"]
[BlackFideId "2034387"]
[WhiteElo "2310"]
[BlackElo "2592"]
[Result "1-0"]
[Round "02"]
[TimeControl "180+2"]
[Date "2023.02.28"]
[WhiteClock "0:00:07"]
[BlackClock "0:00:05"]

1. d4 d5 2. c4 c6 3. Nf3 Nf6 4. e3 Bf5 5. Nc3 e6 6. Nh4 Bg6 7. Be2 Nbd7 8. Qb3 b5 9. cxb5 c5 10. Nxg6 hxg6 11. dxc5 Nxc5 12. Qc2 Rc8 13. O-O Nfe4 14. b6 Bd6 15. g3 axb6 16. Nxe4 Nxe4 17. Qa4+ Kf8 18. Qd4 Qg5 19. Kg2 Rxh2+ 20. Kxh2 Nxg3 21. Qg4 Nxe2+ 22. Kh3 Qe5 23. f4 Qe4 24. Qxe2 Rc2 25. Qf3 Qf5+ 26. Kg3 g5 27. Rf2 g4 28. Qg2 Rc4 29. Bd2 e5 30. Kh2 exf4 31. exf4 g5 32. Kg1 gxf4 33. Raf1 f3 34. Qh1 Bc5 35. Qh8+ Ke7 36. Re1+ Re4 37. Rxe4+ Qxe4 38. Bg5+ Kd7 39. Qd8+ Kc6 40. Qc8+ Kb5 41. Qd7+ Kc4 42. Qa4+ Kd3 43. Qc2+ Kd4 44. Bf6+ Qe5 45. Qc3+ Ke4 46. Qxe5+ Kd3 47. Qxd5+ Ke3 48. Bg5# 1-0


[Site "https://www.chess.com"]

[Event "Titled Tuesday Blitz February 28 Late 2023"]
[White "Boyer, Mahel"]
[Black "Pham, Khoi"]
[WhiteFideId "45102422"]
[BlackFideId "1054988"]
[WhiteElo "2434"]
[BlackElo "2536"]
[Result "0-1"]
[Round "02"]
[TimeControl "180+2"]
[Date "2023.02.28"]
[WhiteClock "0:00:35"]
[BlackClock "0:01:25"]

1. e4 c5 2. d3 g6 3. g3 Bg7 4. Bg2 Nc6 5. f4 d6 6. Nf3 e6 7. O-O Nge7 8. c3 O-O 9. Be3 f5 10. Re1 b6 11. Bf2 fxe4 12. dxe4 e5 13. Ng5 h6 14. Qb3+ d5 15. exd5 Na5 16. Qd1 hxg5 17. d6 Nec6 18. Bxc6 Nxc6 19. Qd5+ Rf7 20. Qxc6 Bb7 21. Qa4 Qxd6 22. c4 exf4 23. Nc3 fxg3 24. hxg3 Rxf2 25. Kxf2 Bd4+ 26. Ke2 Bc6 27. Qb3 Re8+ 28. Kd2 Be3+ 29. Kc2 Qd2+ 30. Kb1 Qxe1+ 31. Qd1 Be4+ 0-1


[Site "https://www.chess.com"]

[Event "Titled Tuesday Blitz February 28 Late 2023"]
[White "Arencibia Monduy, Antonio"]
[Black "Real_OceanStorm"]
[WhiteFideId "3507939"]
[WhiteElo "2535"]
[BlackElo "2775"]
[Result "1/2-1/2"]
[Round "02"]
[TimeControl "180+2"]
[Date "2023.02.28"]
[WhiteClock "0:00:04"]
[BlackClock "0:00:06"]

1. e4 e5 2. Bc4 c6 3. d3 Nf6 4. Nf3 d5 5. Bb3 Bg4 6. Qe2 Nbd7 7. c3 Nc5 8. Bc2 Be7 9. Nbd2 Ne6 10. Nf1 d4 11. h3 Bxf3 12. Qxf3 O-O 13. Ng3 dxc3 14. bxc3 Qa5 15. Bd2 Nd7 16. Nf5 Bg5 17. Ne3 Rad8 18. O-O Nd4 19. Qd1 Nxc2 20. Qxc2 Qc7 21. Rad1 Nc5 22. d4 Ne6 23. d5 Bxe3 24. Bxe3 Nf4 25. Bxf4 exf4 26. c4 f3 27. g3 f5 28. exf5 cxd5 29. Qd3 dxc4 30. Qxf3 Rxd1 31. Rxd1 c3 32. Rc1 Rc8 33. f6 Qc6 34. Qg4 g6 35. Qd4 c2 36. Qd3 Kf7 37. Qd4 b6 38. h4 Rc7 39. h5 a5 40. hxg6+ hxg6 41. Qh4 Rc8 42. Qh7+ Kxf6 43. Qh4+ Kg7 44. Qd4+ Kg8 45. Qd3 b5 46. a3 Kf7 47. Qe3 a4 48. Qf4+ Kg7 49. Qd4+ Kg8 50. Qd3 Kg7 51. Qd4+ Kg8 52. Qd3 Kg7 53. Qd4+ 1/2-1/2


[Site "https://www.chess.com"]

[Event "Titled Tuesday Blitz February 28 Late 2023"]
[White "Maximov, Dmitry"]
[Black "Martin Duque, Jesus"]
[WhiteFideId "14105659"]
[BlackFideId "2208954"]
[WhiteElo "2494"]
[BlackElo "2305"]
[Result "1-0"]
[Round "02"]
[TimeControl "180+2"]
[Date "2023.02.28"]
[WhiteClock "0:00:14"]
[BlackClock "0:00:01"]

1. e4 c5 2. Nf3 a6 3. c3 d5 4. e5 Nc6 5. d4 Bg4 6. Nbd2 e6 7. h3 Bh5 8. Be2 Nge7 9. O-O Nc8 10. Re1 Be7 11. dxc5 O-O 12. Nb3 Qc7 13. Bf4 b6 14. cxb6 Nxb6 15. Nfd4 Bg6 16. Nxc6 Qxc6 17. Nd4 Qb7 18. b3 Rfc8 19. Qd2 Ba3 20. Bf3 Rc7 21. Re3 Rac8 22. Rd1 Nd7 23. h4 h6 24. h5 Bh7 25. c4 Bb4 26. Qe2 Nb6 27. Kh2 Qa7 28. cxd5 Nxd5 29. Bxd5 exd5 30. e6 Re7 31. exf7+ Rxf7 32. Re8+ Rxe8 33. Qxe8+ Rf8 34. Qe6+ Kh8 35. Bg3 Bg8 36. Qe5 Qd7 37. f3 Re8 38. Qf4 Rf8 39. Qe3 Re8 40. Qd3 Qf7 41. Qf5 Qe7 42. Nc6 Qc5 43. Nxb4 Qxb4 44. Qg6 Re6 45. Qf5 Rf6 46. Qe5 Qc5 47. Rd4 Qc1 48. Rg4 Qc8 49. Qe7 Qf8 50. Qxf8 Rxf8 51. Be5 Rf7 52. Rg6 a5 53. Rxh6+ 1-0


[Site "https://www.chess.com"]

[Event "Titled Tuesday Blitz February 28 Late 2023"]
[White "Principe, Gerson"]
[Black "Milikow, Yoav"]
[WhiteFideId "3804550"]
[BlackFideId "2822237"]
[WhiteElo "2229"]
[BlackElo "2410"]
[Result "0-1"]
[Round "02"]
[TimeControl "180+2"]
[Date "2023.02.28"]
[WhiteClock "0:00:02"]
[BlackClock "0:00:20"]

1. d4 Nf6 2. Nf3 d5 3. c4 e6 4. e3 Be7 5. Nc3 O-O 6. Be2 dxc4 7. Bxc4 c5 8. O-O Nc6 9. Re1 cxd4 10. exd4 Nb4 11. Bg5 h6 12. Bh4 Bd7 13. Ne5 Rc8 14. Bb3 Nc6 15. Bxf6 Bxf6 16. Nxd7 Qxd7 17. d5 exd5 18. Nxd5 Qd6 19. Qf3 Be5 20. Rad1 Rcd8 21. g3 Kh8 22. Qh5 Bd4 23. Nf4 Qf6 24. Rf1 Ne5 25. Bd5 Bb6 26. b3 g5 27. Nh3 Kg7 28. Bg2 Rfe8 29. Rxd8 Rxd8 30. Qe2 Qd6 31. Kh1 Rd7 32. f4 Nd3 33. fxg5 hxg5 34. Qh5 Qg6 35. Qxg5 Nf2+ 36. Rxf2 Qxg5 37. Nxg5 Bxf2 38. Bf3 Be3 39. Ne4 f5 40. Nc3 Rd3 41. Nd5 Bg5 42. Kg2 b6 43. h4 Rd2+ 44. Kh3 Bh6 45. g4 fxg4+ 46. Kxg4 Rxa2 47. Nc7 Rb2 48. Ne6+ Kh8 49. Nd4 Bg7 50. Nf5 Rxb3 51. h5 Rb4+ 52. Kg5 a5 53. Kg6 Bc3 54. h6 Rf4 55. Bd5 a4 56. Nd6 Rf6+ 0-1


[Site "https://www.chess.com"]

[Event "Titled Tuesday Blitz February 28 Late 2023"]
[White "Ehlvest, Jaan"]
[Black "Pakleza, Zbigniew"]
[WhiteFideId "4500016"]
[BlackFideId "1119290"]
[WhiteElo "2442"]
[BlackElo "2410"]
[Result "0-1"]
[Round "02"]
[TimeControl "180+2"]
[Date "2023.02.28"]
[WhiteClock "0:00:04"]
[BlackClock "0:00:03"]

1. e4 d6 2. d4 Nf6 3. Nc3 c6 4. f4 Qb6 5. e5 Nd5 6. Nf3 Bf5 7. Bd3 Bxd3 8. Qxd3 e6 9. f5 Nb4 10. Qe2 Qa6 11. fxe6 fxe6 12. Qf2 Be7 13. exd6 Bxd6 14. a3 Nd5 15. Ne4 Be7 16. Bg5 O-O 17. Bxe7 Nxe7 18. O-O-O Nd7 19. Rhe1 Nd5 20. Neg5 Rf6 21. Nxe6 Nf8 22. Nc5 Qb5 23. Qd2 b6 24. Ne4 Re6 25. Ne5 Qa4 26. c4 Nf6 27. Nc3 Qb3 28. Kb1 Rae8 29. Re3 c5 30. Nb5 Qa4 31. Rde1 cxd4 32. Nxd4 Rd6 33. Qc3 Red8 34. Nf5 Rd1+ 35. Ka2 Ne6 36. Ne7+ Kf8 37. N5c6 Rxe1 38. Rxe1 Rd6 39. Nf5 Qxc6 40. Nxd6 Qxd6 41. Re2 Kf7 42. Rd2 Qc6 43. Qb4 a5 44. b3 axb4 0-1


[Site "https://www.chess.com"]

[Event "Titled Tuesday Blitz February 28 Late 2023"]
[White "Fier, Alexandr"]
[Black "Koc, Przemyslaw"]
[WhiteFideId "2107139"]
[BlackFideId "1109081"]
[WhiteElo "2610"]
[BlackElo "2161"]
[Result "1-0"]
[Round "02"]
[TimeControl "180+2"]
[Date "2023.02.28"]
[WhiteClock "0:02:12"]
[BlackClock "0:00:53"]

1. d4 f5 2. Bg5 h6 3. Bh4 g5 4. Bg3 Bg7 5. e3 Nf6 6. h4 c5 7. hxg5 hxg5 8. Rxh8+ Bxh8 9. c3 Qb6 10. Qc1 Nc6 11. Nh3 Ne4 12. Bh2 g4 13. Nf4 e6 14. Nd2 d5 15. Nxe4 dxe4 16. Bc4 Ne7 17. Qc2 Bd7 18. Qb3 Qxb3 19. axb3 cxd4 20. cxd4 e5 21. dxe5 Bxe5 22. Bg3 Bxb2 23. Rd1 Bc3+ 24. Kf1 O-O-O 25. Bh4 Re8 26. Bxe7 Rxe7 27. Nd5 Rh7 28. Nxc3 f4 29. exf4 g3 30. fxg3 e3 31. Kg1 Bg4 32. Re1 1-0


[Site "https://www.chess.com"]

[Event "Titled Tuesday Blitz February 28 Late 2023"]
[White "Mendez Fortes, Eduardo Jesus"]
[Black "Yuan, Qingyu"]
[WhiteFideId "3502376"]
[BlackFideId "8609772"]
[WhiteElo "2307"]
[BlackElo "2359"]
[Result "1-0"]
[Round "02"]
[TimeControl "180+2"]
[Date "2023.02.28"]
[WhiteClock "0:00:05"]
[BlackClock "0:00:03"]

1. e4 e5 2. Nf3 Nc6 3. Bb5 Nf6 4. O-O Nxe4 5. Re1 Nd6 6. Nxe5 Be7 7. Bf1 Nxe5 8. Rxe5 O-O 9. Nc3 Ne8 10. Nd5 Bd6 11. Re1 c6 12. Ne3 Be7 13. c4 Nc7 14. Nf5 Bf6 15. Nd6 Ne8 16. Ne4 Bd4 17. Qf3 d5 18. cxd5 cxd5 19. Nc3 Nf6 20. h3 a6 21. d3 h6 22. Ne2 Ba7 23. Be3 Bxe3 24. Qxe3 Bf5 25. Qd4 Re8 26. Nc3 Qd6 27. g3 Qd7 28. Kh2 Rad8 29. Bg2 Rxe1 30. Rxe1 Be6 31. f4 Qd6 32. Re5 Nd7 33. Re1 Qc5 34. Ne2 Qxd4 35. Nxd4 Nf8 36. Rc1 g6 37. g4 Kg7 38. Kg3 Kf6 39. h4 g5 40. fxg5+ hxg5 41. Rf1+ Kg6 42. h5+ Kg7 43. Rc1 Nd7 44. Rc7 Kf6 45. Rxb7 Nc5 46. Rb6 Nxd3 47. Bf1 Ne5 48. Be2 Rc8 49. Bxa6 Rc1 50. Be2 Ra1 51. a3 Nc4 52. Bxc4 dxc4 53. h6 Rh1 54. Nf5 Ke5 55. a4 Bxf5 56. gxf5 Kxf5 57. a5 Ke4 58. a6 f5 59. a7 f4+ 60. Kg2 Ra1 61. h7 f3+ 62. Kf2 Rxa7 63. h8=Q g4 64. Qe8+ Kf5 65. Rb5+ Kf6 66. Qe5+ Kf7 67. Qf5+ Ke8 68. Qe6+ Kf8 69. Rf5+ Kg7 70. Qf6+ Kg8 71. Rg5+ Kh7 72. Qg6+ 1-0


[Site "https://www.chess.com"]

[Event "Titled Tuesday Blitz February 28 Late 2023"]
[White "Hambleton, Aman"]
[Black "Kleiman, Jake"]
[WhiteFideId "2606577"]
[BlackFideId "2020041"]
[WhiteElo "2511"]
[BlackElo "2491"]
[Result "1-0"]
[Round "02"]
[TimeControl "180+2"]
[Date "2023.02.28"]
[WhiteClock "0:00:23"]
[BlackClock "0:02:15"]

1. d4 Nf6 2. c4 e6 3. Nc3 Bb4 4. Qc2 O-O 5. Nf3 d5 6. cxd5 exd5 7. Bg5 h6 8. Bh4 c5 9. e3 Nc6 10. Rd1 g5 11. Bg3 Ne4 12. Bd3 Bf5 13. dxc5 Qa5 14. O-O Bxc3 15. bxc3 Qxc5 16. Nd4 Nxd4 17. exd4 Qc6 18. Be5 Bg6 19. f3 Nxc3 20. Bxg6 fxg6 21. Rd3 Rac8 22. Rxc3 1-0


[Site "https://www.chess.com"]

[Event "Titled Tuesday Blitz February 28 Late 2023"]
[White "Dourerassou, Jonathan"]
[Black "Ponce Cano, Adrian"]
[WhiteFideId "628050"]
[BlackFideId "22296913"]
[WhiteElo "2499"]
[BlackElo "2211"]
[Result "1-0"]
[Round "02"]
[TimeControl "180+2"]
[Date "2023.02.28"]
[WhiteClock "0:01:23"]
[BlackClock "0:01:07"]

1. d4 d5 2. Nf3 c6 3. Bf4 Nf6 4. e3 Bf5 5. Nbd2 e6 6. h3 Bd6 7. Ne5 Ne4 8. c3 Nxd2 9. Qxd2 f6 10. Nd3 O-O 11. Be2 Bxd3 12. Bxd3 Bxf4 13. exf4 Qc7 14. O-O Nd7 15. Rae1 Rae8 16. Re2 e5 17. fxe5 fxe5 18. dxe5 Rxe5 19. Rfe1 Qd6 20. c4 Rfe8 21. Qf4 Qf6 22. Qxf6 gxf6 23. cxd5 cxd5 24. Kf1 Kg7 25. Rc1 Rxe2 26. Bxe2 Re7 27. Rc7 b6 28. Rxa7 Kf8 29. Rb7 h6 30. Bb5 Nc5 31. Rxb6 d4 32. Rxf6+ Kg7 33. Rd6 Rb7 34. a4 d3 35. b4 Nxa4 36. Bxa4 Rxb4 37. Bd1 1-0


[Site "https://www.chess.com"]

[Event "Titled Tuesday Blitz February 28 Late 2023"]
[White "Meissner, Felix"]
[Black "Bilych, Olexiy"]
[WhiteFideId "24671827"]
[BlackFideId "14156504"]
[WhiteElo "2350"]
[BlackElo "2320"]
[Result "0-1"]
[Round "02"]
[TimeControl "180+2"]
[Date "2023.02.28"]
[WhiteClock "0:00:24"]
[BlackClock "0:00:41"]

1. e4 c5 2. Nf3 d6 3. d4 cxd4 4. Nxd4 Nf6 5. f3 e5 6. Bb5+ Nbd7 7. Nf5 a6 8. Bxd7+ Qxd7 9. Bg5 Nh5 10. Nc3 h6 11. Bh4 g6 12. Ne3 Bg7 13. Nc4 O-O 14. Nb6 Qc6 15. Nxa8 Be6 16. Nd5 Bxd5 17. exd5 Qb5 18. Be7 Rxa8 19. b3 Nf4 20. Qd2 e4 21. Rd1 e3 0-1


[Site "https://www.chess.com"]